 Dungeon Crawl Stone Soup version 0.29.1-13-g9f3cf754e1 (webtiles) character file.

Game seed: 2315826113838631000

596 growler the Insei (level 7, -7/43 HPs)
             Began as an Octopode Transmuter on Jan 20, 2023.
             Mangled by a gnoll
             ... wielding a +0 flail
              (9 damage)
             ... on level 5 of the Dungeon.
             The game lasted 00:07:32 (5080 turns).

growler the Insei (Octopode Transmuter)             Turns: 5080, Time: 00:07:32

Health: -7/43      AC:  1    Str: 11    XL:     7   Next: 40%
Magic:  12/12      EV: 13    Int: 15    God:
Gold:   181        SH:  0    Dex: 19    Spells: 9/13 levels left

rFire   . . .      SeeInvis .     - Unarmed
rCold   . . .      Faith    .   (no shield)
rNeg    . . .      Spirit   .   (helmet currently unavailable)
rPois   .          Reflect  .   (no amulet)
rElec   .          Harm     .   b - +6 ring of dexterity
rCorr   .          Rampage  .   (no ring)
Will    .....                   (no ring)
Stlth   +++.......              (no ring)
HPRegen 0.14/turn               (no ring)
MPRegen 0.13/turn               (no ring)
                                (no ring)
                                (no ring)

@: appendages (expiring)
A: tentacle spike 3, almost no armour, amphibious, 8 rings, camouflage 1,
gelatinous body 1, (nimble swimmer 1), tentacles
a: End Transformation


You were on level 5 of the Dungeon.
One of your tentacles had grown a beastly spike.
You visited 1 branch of the dungeon, and saw 5 of its levels.

You collected 181 gold pieces.

Inventory:

Jewellery
 b - a +6 ring of dexterity (left tentacle)
 c - an amulet of reflection
 g - an amulet of faith
Wands
 m - a wand of roots (11)
 s - a wand of digging (4)
Scrolls
 d - a scroll of blinking {unknown}
 f - 3 scrolls of noise {unknown}
 j - 4 scrolls of teleportation {unknown}
 k - 2 scrolls of immolation {unknown}
 l - 4 scrolls of identify {unknown}
 n - a scroll of magic mapping {unknown}
 p - 2 scrolls of enchant armour {unknown}
 r - a scroll of silence {unknown}
 t - a scroll of enchant weapon {unknown}
Potions
 a - 3 potions of lignification
 e - 3 potions of mutation {unknown}
 h - 2 potions of curing {unknown}
 i - 3 potions of might {unknown}
 o - a potion of attraction {unknown}
 q - 2 potions of heal wounds {unknown}


   Skills:
 - Level 1.0 Fighting
 - Level 2.0 Dodging
 * Level 6.3 Unarmed Combat
 + Level 3.9 Spellcasting
 + Level 4.2 Transmutations


You had 9 spell levels left.
You knew the following spells:

 Your Spells              Type           Power      Damage    Failure   Level
a - Beastly Appendage     Tmut           30%        N/A       3%          1
b - Spider Form           Tmut/Pois      9%         N/A       22%         3

Your spell library contained the following spells:

 Spells                   Type           Power      Damage    Failure   Level
 Wereblood                Tmut           15%        N/A       4%          2
 Ice Form                 Ice/Tmut       9%         N/A       58%         4


Dungeon Overview and Level Annotations

Branches:
Dungeon (5/15)
 Temple: D:4-7

Altars:
Qazlal
Xom

Shops:
D:2 ***([


Innate Abilities, Weirdness & Mutations

One of your tentacles has grown a beastly spike.
You cannot wear most types of armour.
You are amphibious.
You can wear up to eight rings at the same time.
Your skin changes colour to match your surroundings (Stealth+).
Your rubbery body absorbs attacks. (AC +1, EV +1)
((You are camouflaged when in or above water. (Stealth+)))
You have tentacles for arms and can constrict up to eight enemies at once.


Message History

Casting: Beastly Appendage (safe; 3% risk of failure)
Confirm with . or Enter, or press ? or * to list all spells.
One of your tentacles grows a vicious spike.
The gnoll shouts!
An ufetubus comes into view.
The gnoll hits you from afar with a +0 spear.
The gnoll closely misses you.
You completely miss the gnoll.
The ufetubus shouts!
You grab the gnoll. Your squeeze misses the gnoll.
You constrict the gnoll, but do no damage.
The gnoll hits you with a +0 spear!
You bludgeon the gnoll!
Your tentacle spike misses the gnoll.
The gnoll is severely wounded.
You constrict the gnoll. The gnoll barely misses you.
You tentacle-slap the gnoll but do no damage.
The gnoll is almost dead.
You constrict the gnoll.
You kill the gnoll!
The ufetubus closely misses you. The ufetubus misses you.
The ufetubus barely misses you. The ufetubus hits you.
You closely miss the ufetubus. You grab the ufetubus.
Your transformation is almost over.
You constrict the ufetubus, but do no damage.
The ufetubus misses you. The ufetubus hits you.
You tentacle-slap the gnoll. Your grab misses the gnoll.
The gnoll is lightly wounded.
You constrict the ufetubus. The ufetubus hits you. x2
The gnoll hits you with a +0 flail!
* * * LOW HITPOINT WARNING * * *
You tentacle-slap the gnoll. Your grab misses the gnoll. You squeeze the gnoll.
The gnoll is almost dead.
You constrict the ufetubus. The ufetubus hits you.
* * * LOW HITPOINT WARNING * * *
The ufetubus hits you.
* * * LOW HITPOINT WARNING * * *
The ufetubus completely misses you. The ufetubus hits you.
* * * LOW HITPOINT WARNING * * *
The gnoll misses you. The gnoll hits you with a +0 flail!
You die...

+..#.##.## ##......##
#.#>...## #### #.#.##.#
##... # #.#.##.# ...#
#.#.#.##.#
##.#####.######.#.#.#.##..
.gg....#..............#####
#..gg@5......#........
#.#..#####.#.#.######.
#.#....... # #.# #.
####.#### #.# #. ..# #.# #.
### ..######. .........
##.####... .........


You could see 2 gnolls and an ufetubus.

Vanquished Creatures
  2 phantoms
  A scorpion (D:4)
  3 hounds (D:4)
  2 orc priests
  An iguana (D:4)
  4 gnolls
  8 adders
  4 worms
  2 dart slugs
  7 orcs
  4 ball pythons
  7 bats
  4 endoplasms
  3 giant cockroaches
  3 goblins
  7 hobgoblins
  7 jackals
  8 kobolds
  3 quokkas
  4 frilled lizards (D:2)
  9 rats
93 creatures vanquished.

Vanquished Creatures (others)
  4 plants (D:5)
4 creatures vanquished.

Grand Total: 97 creatures vanquished

Notes
Turn   | Place    | Note
-------+----------+-------------------------------------------
     0 | D:1      | growler the Octopode Transmuter began the quest for the
                  | Orb.
     0 | D:1      | Reached XP level 1. HP: 13/13 MP: 3/3
   110 | D:1      | Reached XP level 2. HP: 8/18 MP: 3/5
   700 | D:1      | You fall into a shaft and drop 1 floor!
   716 | D:2      | Found Dyttoroc's Antique Weapon Shop.
  1365 | D:2      | Reached XP level 3. HP: 19/23 MP: 4/6
  1369 | D:2      | Learned a level 3 spell: Spider Form
  1693 | D:2      | Found Yvvinon's General Store.
  1724 | D:2      | Reached skill level 4 in Unarmed Combat
  1724 | D:2      | Reached XP level 4. HP: 22/28 MP: 7/7
  1891 | D:2      | Found Qagopibo's General Store.
  1902 | D:2      | Found Qitij's Assorted Antiques.
  2008 | D:2      | Found Suegep's Antique Armour Boutique.
  2337 | D:3      | Reached XP level 5. HP: 28/33 MP: 7/9
  2730 | D:3      | Found a stormy altar of Qazlal.
  2734 | D:3      | Identified the +3 hand axe of Wamuisch {flame, *Slow rElec
                  | rC++ rN+++}
  2779 | D:3      | Reached skill level 5 in Unarmed Combat
  3373 | D:3      | Reached XP level 6. HP: 38/38 MP: 8/10
  4249 | D:4      | Reached XP level 7. HP: 14/43 MP: 12/12
  4467 | D:4      | Found a shimmering altar of Xom.
  4688 | D:4      | Reached skill level 6 in Unarmed Combat
  4820 | D:5      | Entered Level 5 of the Dungeon
  5080 | D:5      | HP: 2/43 [ufetubus (3)]
  5080 | D:5      | Mangled by a gnoll

Illustrated notes

Levels and vault maps discovered:
D:1:      minmay_arrival_solitary_statue, layout_loops_ring
D:2:      layout_loops_ring, serial_shops, shop, shop, shop_fountains, shop,
          shop, serial_bayou_pond_a
D:3:      layout_loops_ring, nicolae_qazlal_general_emergency,
          serial_bayou_pond_a
D:4:      layout_gridville, tgw_xom, minmay_misc_feat_diagonals
D:5:      layout_basic, minmay_temple_entry_overgrown, uniq_pikel

Skill      XL: |  1  2  3  4  5  6  7 |
---------------+----------------------+-----
Unarmed Combat | 4 5 6 |  6.3
Transmutations | 3 4 |  4.2
Spellcasting   | 3 |  3.9
Fighting       | |  1.0
Dodging        | |  2.0

Action                   |  1- 3 |  4- 6 |  7- 9 || total
-------------------------+-------+-------+-------++-------
Melee: Unarmed           |    53 |   122 |    45 ||   220
       Constrict         |    17 |    32 |     8 ||    57
       Tentacles         |     8 |    36 |     9 ||    53
       Kick              |     2 |    15 |       ||    17
       Punch             |     3 |     6 |     1 ||    10
 Cast: Beastly Appendage |     7 |    10 |     1 ||    18
 Stab: Sleeping          |     6 |     9 |     1 ||    16
       Distracted        |       |     1 |       ||     1
Armor: Skin              |     7 |     7 |     1 ||    15
Dodge: Dodged            |    28 |    76 |    26 ||   130
